Cogmind - Beta 14 @@@ ROGUE MODE // 2024.12.30 @ 14:39:52 Player: Infomantis Result: Self-destructed Performance ------------- Evolutions (0) 0 Regions Visited (4) 800 Robots Destroyed (21) 105 Value Destroyed (317) 317 Prototype IDs (8) 160 Alien Tech Used (0) 0 Bonus (300) 300 TOTAL SCORE: 1682 Bonus ------- Registered with UFD 300 Cogmind --------- Core Integrity 99/250 Matter 250/300 Energy 64/100 System Corruption 0% Temperature Cool (0) Movement Core (3350) Ox66 Location -9/Scraptown Parts ------- > --- POWER (1) -------- (None) > --- PROPULSION (2) --- Armored Leg Armored Leg > --- UTILITY (2) ------ Vampiric Humpback > --- WEAPON (2) ------- Mining Laser > --- INVENTORY (35) --- Deep Structural Scanner Subdweller Optics Subdweller Laser Peak State ------------ > --- POWER ------------ (None) > --- PROPULSION ------- Armored Leg Armored Leg > --- UTILITY ---------- Vampiric Humpback > --- WEAPON ----------- Mining Laser > --- INVENTORY -------- Deep Structural Scanner Subdweller Optics Subdweller Laser [Rating: 17] Favorites ----------- Power Ion Engine Engine Ion Engine Propulsion Light Treads Treads Light Treads Leg Armored Leg Wheel Compact Wheel Utility Small Storage Unit Device Seismic Detector Storage Small Storage Unit Protection Light Armor Plating Weapon Assault Rifle Energy Cannon Subdweller Beam Cannon Ballistic Gun Assault Rifle Ballistic Cannon Light Cannon Special Weapon Mining Laser Piercing Weapon Makeshift Spear Build | -11 -10 -10 -9 -9 ------- Run | Yrd Mat Sub Rec Scr Slots Evolved . | . . . . . Power . | . . . . . Propulsion . | . . . . . Utility . | . . . . . Weapon . | . . . . . Parts Attached 39 | 7 4 23 . 5 Power 2 | 1 . 1 . . Engine 2 | 1 . 1 . . Core . | . . . . . Reactor . | . . . . . Propulsion 5 | 2 . 1 . 2 Treads 2 | 2 . . . . Leg 2 | . . . . 2 Wheel 1 | . . 1 . . Hover . | . . . . . Flight . | . . . . . Utility 9 | 2 . 6 . 1 Device 1 | 1 . . . . Storage 5 | 1 . 3 . 1 Processor . | . . . . . Hackware . | . . . . . Protection 3 | . . 3 . . Artifact . | . . . . . Weapon 23 | 2 4 15 . 2 Energy Gun . | . . . . . Energy Cannon 2 | . . 1 . 1 Ballistic Gun 10 | 2 2 6 . . Ballistic Cannon 3 | . . 3 . . Launcher . | . . . . . Special Weapon 6 | . 2 3 . 1 Impact Weapon . | . . . . . Slashing Weapon . | . . . . . Piercing Weapon 2 | . . 2 . . Special Melee Weapon . | . . . . . Unidentified Prototypes . | . . . . . Parts Lost 1 | . . 1 . . Power . | . . . . . Propulsion 1 | . . 1 . . Utility . | . . . . . Weapon . | . . . . . Highest Loss Streak 1 | . . 1 . . To Critical Strikes . | . . . . . Average Slot Usage (%) 95 | . 100 91 100 95 Engine 13 | . 14 14 14 13 Treads 16 | . 28 16 14 13 Wheel 11 | . . 11 14 13 Device 2 | . 14 3 . . Storage 11 | . 14 6 14 13 Protection 10 | . . 10 14 13 Energy Cannon 8 | . . 4 14 13 Ballistic Gun 14 | . 25 11 14 13 Ballistic Cannon 1 | . . 4 . . Special Weapon 1 | . 2 3 . . Piercing Weapon 1 | . . 3 . . Peak Build Rating 17 | 8 8 14 12 17 Average Rating 9 | 7 7 10 12 11 On Entrance 8 | . 8 8 12 12 Naked Turns 1 | . . . . 1 Heaviest Build 58 | 15 15 58 56 56 Greatest Support 40 | 40 40 40 16 16 Greatest Overweight (x) 3 | 1 . 3 3 3 Average Overweight (x) 1 | . . 1 3 2 Largest Inventory Capacity 35 | 8 8 20 20 35 Average Capacity 12 | 7 8 8 20 18 Most Carried 20 | 8 8 20 20 20 Average Carried 12 | 7 7 7 20 18 Final Capacity 35 | 8 8 20 20 35 Final Carried 20 | 8 8 20 20 3 Class Distribution -------------------- 97% | Mutant Dominant Class ---------------- Mutant | -10/Materials Mutant | -10/Subcaves Mutant | -9/Recycling Mutant | -9/Scraptown Resources | -11 -10 -10 -9 -9 ----------- Run | Yrd Mat Sub Rec Scr Matter Collected 949 | 396 98 455 . . Remotely . | . . . . . Salvage Created 597 | 244 147 206 . . Parts 42 | 17 14 11 . . Haulers Intercepted . | . . . . . Recyclers Shooed . | . . . . . Parts Field Recycled . | . . . . . Retrieved Matter . | . . . . . Parts Self-Destructed 20 | . . 20 . . Prevented . | . . . . . Kills | -11 -10 -10 -9 -9 ------- Run | Yrd Mat Sub Rec Scr Combat Hostiles Destroyed 12 | . 5 7 . . Melee 1 | . . 1 . . Guns 10 | . 5 5 . . Cannons 1 | . . 1 . . Classes Destroyed 8 | 3 3 2 . . Worker 2 | 2 . . . . Tunneler 5 | 5 . . . . Recycler 1 | 1 . . . . Watcher 1 | . 1 . . . Swarmer 7 | . 3 4 . . Grunt 2 | . 2 . . . Artisan 1 | . . 1 . . Subdweller 3 | . . 3 . . Best Kill Streak 4 | 3 3 4 . . Combat Bots Only 4 | . 3 4 . . Max Kills in Single Turn 2 | 1 2 1 . . Gunslinging 1 | . 1 . . . Exploded . | . . . . . Melee 1 | . . 1 . . Uniques/NPCs Destroyed . | . . . . . Combat | -11 -10 -10 -9 -9 -------- Run | Yrd Mat Sub Rec Scr Hostile Shots Fired 102 | . 15 72 . 15 Missed 35 | . 3 23 . 9 Damage Taken 727 | . 103 586 . 38 Core 151 | . 22 123 . 6 Absorbed by Shields . | . . . . . Core Remaining (%) 100 | 100 . . . . Volleys Fired 129 | 21 29 77 . 2 Largest 2 | 2 2 2 . 1 Hottest 125 | 40 100 125 . 100 Shots Fired 192 | 42 42 106 . 2 Gun 110 | 42 26 42 . . Cannon 21 | . . 21 . . Launcher . | . . . . . Special 61 | . 16 43 . 2 Kinetic 131 | 42 26 63 . . Thermal 61 | . 16 43 . 2 Explosive . | . . . . . Electromagnetic . | . . . . . Robot Hit Streak 21 | 8 8 21 . . Robot Miss Streak 6 | 2 1 6 . . Penetration Max . | . . . . . Secondary Targets 2 | . 2 . . . Max Gunslinging Chain 1 | . 1 . . . Shots Hit Robots 87 | 28 17 42 . . Core Hits 29 | 9 9 11 . . Critical Kills . | . . . . . Critical Parts Destroyed . | . . . . . Critical Strikes 1 | . . 1 . . Blast 1 | . . 1 . . Melee Attacks 5 | . . 5 . . Impact . | . . . . . Slashing . | . . . . . Piercing 5 | . . 5 . . Sneak Attacks 2 | . . 2 . . Combat Hostiles . | . . . . . Follow-up Attacks . | . . . . . Damage Inflicted 1290 | 357 200 733 . . Guns 951 | 357 200 394 . . Cannons 85 | . . 85 . . Explosions . | . . . . . Melee 149 | . . 149 . . Ramming . | . . . . . Kinetic 1036 | 357 200 479 . . Thermal 105 | . . 105 . . Explosive . | . . . . . Electromagnetic . | . . . . . Impact . | . . . . . Slashing . | . . . . . Piercing 149 | . . 149 . . Highest Corruption . | . . . . . Average Corruption . | . . . . . Corruption Purged . | . . . . . Corruption Blocked . | . . . . . Overload Shots . | . . . . . Overflow Damage 44 | . . 44 . . Projectiles . | . . . . . Explosions . | . . . . . Melee 44 | . . 44 . . Knockbacks . | . . . . . Impact . | . . . . . Kinetic . | . . . . . Secondary . | . . . . . Self-Inflicted Damage . | . . . . . Shots . | . . . . . Rammed . | . . . . . Targets Rammed . | . . . . . Kicked . | . . . . . Crushed . | . . . . . Highest Temperature 60 | 6 60 21 . 18 Average Temperature 15 | 6 18 8 . 12 Received Heat Transfer 180 | . 30 114 . 36 Siege Activations . | . . . . . Robots Corrupted . | . . . . . Combat Hostiles . | . . . . . Parts Fried . | . . . . . Impact Corruptions . | . . . . . Robots Melted . | . . . . . Combat Hostiles . | . . . . . Parts Melted . | . . . . . Heat Transferred 720 | . . 720 . . Parts Sabotaged . | . . . . . Parts Stolen . | . . . . . Parts Stripped . | . . . . . Power Chain Reactions . | . . . . . Alert | -11 -10 -10 -9 -9 ------- Run | Yrd Mat Sub Rec Scr Peak Influence 186 | 40 186 . 177 . Initial . | . . . . . Average 29 | 5 76 . 53 . Maximum Alert Level . | . . . . . Low Security (%) 100 | 100 100 . 100 . Level 1 . | . . . . . Level 2 . | . . . . . Level 3 . | . . . . . Level 4 . | . . . . . Level 5 . | . . . . . High Security . | . . . . . Max Security . | . . . . . Squads Dispatched 4 | . 4 . . . Investigation 2 | . 2 . . . Extermination . | . . . . . Reinforcement 2 | . 2 . . . Assault . | . . . . . Garrison . | . . . . . Intercept . | . . . . . Searches Triggered . | . . . . . Construction Impeded . | . . . . . Haulers Reinforced . | . . . . . Active Scanning Responses . | . . . . . Cargo Convoy Interrupts . | . . . . . Stealth | -11 -10 -10 -9 -9 --------- Run | Yrd Mat Sub Rec Scr Distress Signals 1 | . 1 . . . Communications Jammed . | . . . . . Distress Signals . | . . . . . Times Spotted 23 | . 12 10 . 1 Peak Tracking Total 5 | . 4 5 . 2 Tactical Retreats 1 | . . 1 . . Traps | -11 -10 -10 -9 -9 ------- Run | Yrd Mat Sub Rec Scr Traps Triggered . | . . . . . Indirectly . | . . . . . Trap Hack Attempts . | . . . . . Triggered . | . . . . . Disarmed . | . . . . . Reprogrammed . | . . . . . Reused . | . . . . . Traps Extracted . | . . . . . Installed . | . . . . . Triggered . | . . . . . Most Traps Carried 1 | . . 1 1 1 Machines | -11 -10 -10 -9 -9 ---------- Run | Yrd Mat Sub Rec Scr Machines Disabled 2 | . . . . 2 Max in Single Turn 1 | . . . . 1 Machines Repaired . | . . . . . Machines Dismantled . | . . . . . Machines Sabotaged . | . . . . . Overloaded Fab Kills . | . . . . . Hacking | -11 -10 -10 -9 -9 --------- Run | Yrd Mat Sub Rec Scr Machines Accessed 25 | . 9 1 11 4 Terminals 11 | . 6 . 5 . Fabricators . | . . . . . Repair Stations 1 | . 1 . . . Recycling Units 7 | . 2 . 5 . Scanalyzers . | . . . . . Garrison Access . | . . . . . Total Hacks 76 | . 21 4 24 27 Successful 61 | . 10 4 20 27 Failed 15 | . 11 . 4 . Catastrophic 2 | . 2 . . . Database Lockouts . | . . . . . Manual 28 | . 10 . 18 . Terminals 28 | . 16 . 12 . Fabricators . | . . . . . Repair Stations 2 | . 2 . . . Recycling Units 10 | . 3 . 7 . Scanalyzers . | . . . . . Garrison Access . | . . . . . Terminal Hacks 45 | . 6 4 8 27 Record 30 | . . 4 5 21 Part Schematic 1 | . . . 1 . Robot Analysis 7 | . . . 2 5 Locate Traps 1 | . 1 . . . Maintenance Status 1 | . 1 . . . Recall Investigation 1 | . 1 . . . Hauler Manifests 1 | . 1 . . . Zone Layout 2 | . 2 . . . Derelict Proto ID Bank 1 | . . . . 1 Fabricator Hacks . | . . . . . Repair Station Hacks . | . . . . . Recycling Unit Hacks . | . . . . . Scanalyzer . | . . . . . Garrison Access Hacks . | . . . . . Unauthorized Hacks 16 | . 4 . 12 . Terminals 8 | . 1 . 7 . Botnet 3 | . 1 . 2 . Skim 5 | . . . 5 . Fabricators . | . . . . . Repair Stations 1 | . 1 . . . Mechanics 1 | . 1 . . . Recycling Units 7 | . 2 . 5 . Tunnel 7 | . 2 . 5 . Scanalyzers . | . . . . . Garrison Access . | . . . . . Data Cores Recovered . | . . . . . Used . | . . . . . Hacking Detections 9 | . 6 . 3 . Full Trace Events . | . . . . . Feedback Events . | . . . . . Feedback Blocked . | . . . . . Robot Schematics Acquired . | . . . . . Robots Built . | . . . . . Authchips . | . . . . . Time . | . . . . . Total Robot Build Rating . | . . . . . Part Schematics Acquired 1 | . . . 1 . Parts Built . | . . . . . Authchips . | . . . . . Time . | . . . . . Total Part Build Rating . | . . . . . Parts Repaired . | . . . . . Time . | . . . . . Parts Recycled . | . . . . . Recycled Matter . | . . . . . Retrieved Matter . | . . . . . Retrieved Components . | . . . . . Parts Scanalyzed . | . . . . . Part Schematics Acquired . | . . . . . Parts Damaged . | . . . . . Bothacking | -11 -10 -10 -9 -9 ------------ Run | Yrd Mat Sub Rec Scr Used RIF Installer . | . . . . . Robots Hacked . | . . . . . Non-combat . | . . . . . Combat . | . . . . . Robot Hacks Applied . | . . . . . Relay Couplers Released . | . . . . . Fabnet Peak Effective % . | . . . . . Robots Rewired . | . . . . . Allies Hacked . | . . . . . Hacks Repelled . | . . . . . Allies | -11 -10 -10 -9 -9 -------- Run | Yrd Mat Sub Rec Scr Total Allies . | . . . . . Largest Group . | . . . . . Highest-Rated Group . | . . . . . Highest-Rated Ally . | . . . . . Total Orders . | . . . . . Ally Attacks . | . . . . . Total Damage . | . . . . . Kills . | . . . . . Allies Corrupted . | . . . . . Allies Melted . | . . . . . Intel | -11 -10 -10 -9 -9 ------- Run | Yrd Mat Sub Rec Scr Robot Analysis Total 7 | . . . 2 5 Derelict Logs Recovered 5 | . . . . 5 Drone Launches . | . . . . . Drone Recoveries . | . . . . . Exploration | -11 -10 -10 -9 -9 ------------- Run | Yrd Mat Sub Rec Scr Turns Passed 7809 | 2130 767 1797 593 2522 Spaces Moved 3952 | 124 376 1131 408 1913 Core 299 | 7 . . . 292 Treads 631 | 117 376 138 . . Legs 1 | . . . . 1 Wheels 3021 | . . 993 408 1620 Hover . | . . . . . Flight . | . . . . . Fastest Speed 50 | 50 160 100 145 50 Average Speed 134 | 155 160 127 145 130 Slowest Speed 160 | 160 160 160 145 145 Overloaded Moves . | . . . . . Propulsion Burnouts . | . . . . . Robots Hopped . | . . . . . Cave-ins Triggered . | . . . . . Exploration Rate (%) 55 | 4 71 27 77 96 Regions Visited 4 Branch Regions 3 Pre-discovered Areas 14 | . 2 . 6 6 Known Exits Taken 1 | . . . 1 . Unknown Exits Taken 3 | 1 1 1 . . Scrap Searched 10 | . . 3 . 7 Spaces Dug 6 | . 3 3 . . Terrain Destroyed 7 | . 3 4 . . Melee . | . . . . . Projectile 7 | . 3 4 . . AOE . | . . . . . Terrain Rammed . | . . . . . Walls Destroyed . | . . . . . Machines Disabled . | . . . . . Actions | -11 -10 -10 -9 -9 --------- Run | Yrd Mat Sub Rec Scr Total 6126 | 2016 467 1297 410 1936 Wait 1934 | 1857 53 22 1 1 Move 3948 | 123 375 1130 407 1913 Hop . | . . . . . Pick Up 39 | 8 3 24 1 3 Fast Attach 14 | 7 . 3 . 4 Attach 4 | . . 3 . 1 Detach . | . . . . . Swap 21 | . 4 17 . . Drop 30 | . 3 14 1 12 Fire 129 | 21 29 77 . 2 Melee 5 | . . 5 . . Ram . | . . . . . Kick . | . . . . . Crush . | . . . . . Escape Stasis . | . . . . . Rewire . | . . . . . Trap . | . . . . . Miscellaneous 2 | . . 2 . . Route ------- -11/Scrapyard -10/Materials (discovered 3 exits: [*Mat x2] / *Sub) -10/Subcaves (discovered 3 exits: [*Mat x2] / *Rec) -9/Recycling (discovered 2 exits: [*Fac] / *Scr) -9/Scraptown (discovered 2 exits: [*Fac x2]) History --------- Turn | Location | Event 8 | -11/Scrapyard | Discovered new exit (range 15) 2131 | -11/Scrapyard | Entered Materials 2132 | -10/Materials | Build established: Mutant 2355 | -10/Materials | Discovered new exit (range 6) 2505 | -10/Materials | Discovered new exit (range 15) 2885 | -10/Materials | Discovered new exit (range 3) 2898 | -10/Materials | Entered Subcaves 2911 | -10/Subcaves | Discovered new exit (range 7) 3052 | -10/Subcaves | Shifting Twisted Machinery released Flamer 3083 | -10/Subcaves | Shifting Twisted Machinery released Battle Rifle 3093 | -10/Subcaves | Discovered new exit (range 10) 3210 | -10/Subcaves | Core integrity fell below 50% 3511 | -10/Subcaves | Visited Clippyterm 3515 | -10/Subcaves | Learned 40 Factory zone layouts 3515 | -10/Subcaves | Learned Factory stockpile data 3577 | -10/Subcaves | A swath of the cavern ceiling suddenly collapsed 4157 | -10/Subcaves | Discovered new exit (range 9) 4582 | -10/Subcaves | Disturbed a concealed Subdweller 4695 | -10/Subcaves | Entered Recycling 4988 | -9/Recycling | Discovered new exit (range 15) 5005 | -9/Recycling | Identified exit to Scraptown 5045 | -9/Recycling | Learned Storage security intel 5101 | -9/Recycling | Learned Materials non-interactive machine intel 5133 | -9/Recycling | Scanned before Scraplab entrance 5263 | -9/Recycling | Entered Scraplab 5288 | -9/Recycling | Entered Scraptown 5464 | -9/Scraptown | Heard Great Nut preacher, LISTEN AND RECITE! 5536 | -9/Scraptown | Visited The Evicted 5577 | -9/Scraptown | Visited CR-KLE's Repair Center 5607 | -9/Scraptown | Visited Supply Room 5638 | -9/Scraptown | Visited Spacefarers 5705 | -9/Scraptown | Visited Fellowship of the Rings 5735 | -9/Scraptown | Visited TADAMA 6071 | -9/Scraptown | Visited Comm Corps 6425 | -9/Scraptown | Scanned Subdweller tech in exchange for log data 6428 | -9/Scraptown | Learned location of 2 exits from Research 6430 | -9/Scraptown | Learned location of Extension (-5) 6433 | -9/Scraptown | Learned Research terminal intel 6434 | -9/Scraptown | Learned location of 1 exit from Research 6451 | -9/Scraptown | Discovered new exit (range 13) 6618 | -9/Scraptown | Visited UFD Registry 6618 | -9/Scraptown | Registered with UFD as "Technoblaster" 6678 | -9/Scraptown | Visited Analyses Database 6714 | -9/Scraptown | Visited Chapter 10 6766 | -9/Scraptown | Visited Abandonware Association 6782 | -9/Scraptown | Learned abandonware demo "HACKBUD.EXE" 6782 | -9/Scraptown | Learned abandonware demo "MELTYB.EXE" 6785 | -9/Scraptown | Learned abandonware demo "OVRCLOCK.EXE" 6821 | -9/Scraptown | Visited Cartography Club 6895 | -9/Scraptown | Discovered new exit (range 3) 7020 | -9/Scraptown | Visited DA-N13 Charitable Foundation 7027 | -9/Scraptown | Found DCF Scrap (28 items) 7071 | -9/Scraptown | Visited Supply Room 7173 | -9/Scraptown | Visited Science Guys 7252 | -9/Scraptown | Visited Derelict Rescue Squad 7288 | -9/Scraptown | Visited Botcube Research 7321 | -9/Scraptown | Visited Curators Association 7432 | -9/Scraptown | Delivered Scrap Shield to a Scientist 7725 | -9/Scraptown | Found Deep Structural Scanner 7731 | -9/Scraptown | Learned location of Recycling (-9) 7731 | -9/Scraptown | Learned location of Upper Caves (-5) 7731 | -9/Scraptown | Learned location of Proximity Caves (-5) 7731 | -9/Scraptown | Learned 8 Research zone layouts 7731 | -9/Scraptown | Learned 8 Access zone layouts 7731 | -9/Scraptown | Learned 4 Mines zone layouts 7731 | -9/Scraptown | Learned 4 Recycling zone layouts 7731 | -9/Scraptown | Learned 20 Lower Caves zone layouts 7731 | -9/Scraptown | Learned 16 Proximity Caves zone layouts 7731 | -9/Scraptown | Learned location of 2 exits from Lower Caves 7731 | -9/Scraptown | Learned location of 2 exits from Proximity Caves 7731 | -9/Scraptown | Learned location of 3 exits from Proximity Caves 7796 | -9/Scraptown | Attacked by Scraptown defenders 7801 | -9/Scraptown | Found PL-3XN's Ring of Power 7808 | -9/Scraptown | Found Vmp. Humpback 7810 | -9/Scraptown | Self-destructed Last Messages --------------- 07759_ Acquired Arm. Leg. 07764_ Acquired Sub. Beam Cannon. 07766_ Dropped Sub. Beam Cannon. 07770_ Acquired Mining Laser. 3S-89Z(j): Have you met the self-proclaimed "Botcube" researcher? He claims he found a whole stash of those things, but I heard he took them off someone who went mad after traveling deep into the caves who knows where. 07795_ Y9-YRQ(c): "Come one, come all! See for yourself a fine selection of the many wondrous pieces in our collection!" 07796_ Enclosure breached. 07796_ ANNOUNCEMENT: Intruder alert! Defend Scraptown! 07797_ Autobeam Turret pops up from the ground. 07801_ Acquired PL-3XN's Ring of Power. 07802_ Dropped PL-3XN's Ring of Power. 07803_ Enclosure breached. 07808_ Acquired Vmp. Humpback. Map ----- +----------------------------------------------------+ | # ###?????#" "" "" | | # #########" ""# " " ######### | | # ""# "" "" ""#??????## | | # ""# "" "" ##???????? | | # ""# ""#???????? | | # ""# ##???????? | | # ""###### ############### | | """"""""""""""""""""""""" | | """"""""""""""""""""""""" | | | | | | | | #""""#" | | #????#" | | #????#"""""" """"""""""" """"""""""" | | ####### ####????####### ########### ########### | | # #????????#" c "#" #????# | | "# #????????##"" ""##" """#????# | | ###" "# #?????????#!" "=## " &""#????# | | " # "# #????????##"" ""##"" """#????#"" | | #" "# #????????#" t "#"" """"#????#" | | ""#" "# #????????##"" ""####"#######????#"" | | ###" "# #?????????#&" "!#???????????????#" | | "# #????????##" ""##??????????????#"" | | """"""# #????????#" "" "#??????????????#" | | ####### #????????#### "@" ####??????????????#" " | | ??????# #???????????#"###"#?????????????????#""" | | ####### #???????????###?###?????????????????#### | | """"""" #???????################################ | | " """"" #???????? ##"""##"""##"""##"""##""" | | " "" #????????""""" ## ""##|""##" "##"""##""| | | #???????"""""" | | "" "" " #???????"""""" | | """"""" #???????"""""" | | """"""" #????????""""" ##"""##"""##""|##"|"##!!% | | ####### #???????? ##"""##"""##"""##"""##""" | | ####### #???????################################ | | """"""# #??????????????????????????????????????? | | !!!! "# #??????????????????????????????????????? | | ! =! "# #??????????????????????????????????????? | | "# #??????????????????????????????????????? | | """"""# #??????????????????????????????????????? | | #??????????????????????????????????????? | | #??????????????????????????????????????? | | "" """#####??????????????????????????????????????? | | " "#??????????????????????????????????????????? | | " "#??????????????????????????????????????????? | | "#??????????????????????????????????????????? | | "#??????????????????????????????????????????? | | """"""#??????????????????????????????????????????? | +----------------------------------------------------+ Best States ------------- Heat Dissipation 25 Energy Generation 10 Energy Capacity 250 Matter Stores 300 Matter Capacity 300 Sight Range 16 Terrain Scan Density 10 Armor Coverage 800 Evasion (%) 50 Recoil Reduction 2 Item Schematics ----------------- Lgt. EM Pulse Cannon | -9/Recycling | Hacked Robot Schematics ------------------ None Fabricated ------------ Nothing Alien Tech Used ----------------- None Achievements -------------- None Challenges ------------ None Game ------ Seed BackupVampiricDatajack Manual? 0 Play Time 00:44:48 Cumulative 418.4 hours Start 2024.08.27 @ 13:37:47 End 2024.12.30 @ 14:39:52 Sessions 4 Manual Loads 0 Difficulty Rogue Special Mode None Game No. 274 Rogue 250 Adventurer 6 Explorer 18 Win Type - Total 31 Types 21/0/5/2/0/1/1/1/0 Lore% 91 Gallery% 92 Achievement% 80 Wizard Run 0 Options --------- Layout 1 ASCII 0 Keyboard 0 Movement Numpad Keybinds 0 Fullscreen 1 Font 16/TamsynBold Map View 55x38 Zoom Use 0% Tactical HUD 1 Map Filters NONE Filters NONE Steam 1 RUN: 2b4b10cd-2812-4c43-8c13-e696d70c7402